 Dungeon Crawl Stone Soup version 0.28.0-53-g5a82cb258f (webtiles) character file.

Game seed: 11146966318784021437

317 zdrol the Chopper (level 6, -1/52 HPs)
             Began as a Hill Orc Fighter on June 24, 2022.
             Slain by a kobold brigand
             ... wielding a +0 club
              (3 damage)
             ... in a sewer.
             The game lasted 00:08:54 (1651 turns).

zdrol the Chopper (Hill Orc Fighter)                Turns: 1651, Time: 00:08:56

Health: -1/52      AC:  7    Str: 21    XL:     6   Next: 45%
Magic:  6/6        EV:  9    Int:  8    God:
Gold:   109        SH:  4    Dex: 10    Spells: 5/5 levels left

rFire   . . .      SeeInvis .   a - +1 war axe
rCold   . . .      Faith    .   c - +0 buckler
rNeg    . . .      Spirit   .   b - +0 scale mail
rPois   .          Reflect  .   (no helmet)
rElec   .          Harm     .   (no cloak)
rCorr   .          Rampage  .   (no gloves)
Will    .....                   (no boots)
Stlth   ..........              g - amulet of regeneration
HPRegen 0.97/turn               (no ring)
MPRegen 0.10/turn               (no ring)

@: lethally poisoned (-1 -> -2), slowed, very slow
A: no striking features
a: no special abilities


You were in a sewer.
You visited 1 branch of the dungeon, and saw 4 of its levels.
You also visited: Sewer.

You collected 109 gold pieces.

Inventory:

Hand Weapons
 a - a +1 war axe (weapon)
Missiles
 e - 6 poisoned darts (quivered)
Armour
 b - a +0 scale mail (worn)
 c - a +0 buckler (worn)
Jewellery
 g - an amulet of regeneration (around neck)
Wands
 m - a wand of iceblast (7)
Scrolls
 f - 3 scrolls of teleportation
 h - a scroll of holy word
 j - a scroll of torment {unknown}
 k - a scroll of amnesia {unknown}
 l - a scroll of noise {unknown}
Potions
 d - a potion of might
 n - 2 potions of invisibility {unknown}


   Skills:
 - Level 4.0 Fighting
 * Level 7.9 Axes
 - Level 3.8 Armour
 - Level 3.7 Shields


You had 5 spell levels left.
You didn't know any spells.
Your spell library was empty.

Dungeon Overview and Level Annotations

Branches:
Dungeon (4/15)              Sewer (1/1)
 Temple: D:4-7

Altars:


Message History

The curare-tipped dart hits you.
You are more poisoned.
You have difficulty breathing.
You feel as though you will be slow longer.
The jackal bites you.
The kobold splashes around in the water.
* * * LOW HITPOINT WARNING * * *
You feel extremely sick. You block the jackal's attack.
The jackal bites you but does no damage.
You feel extremely sick.
The jackal pauses to sniff the water.
The jackal bites you.
* * * LOW HITPOINT WARNING * * *
The kobold barely misses you.
You feel very sick.
The jackal pauses to sniff the water.
The jackal bites you but does no damage. x2
The jackal splashes around in the water.
The kobold brigand throws a curare-tipped dart.
You block the curare-tipped dart.
The kobold splashes around in the water.
The jackal bites you but does no damage.
You slice the kobold!!
You kill the kobold!
You hear a splash.
You hit the kobold brigand. You closely miss the jackal.
You completely miss the kobold.
You feel sick. The jackal barely misses you.
The kobold splashes around in the water.
The jackal closely misses you.
The kobold brigand hits you with a +0 club.
* * * LOW HITPOINT WARNING * * *
The kobold splashes around in the water.
You feel sick.
The kobold brigand splashes around in the water.
The jackal splashes around in the water.
The kobold brigand splashes around in the water.
You block the kobold's attack. The jackal closely misses you.
The kobold brigand hits you with a +0 club.
You die...

#≈# #≈# #≈# #≈# #≈#
#≈# #≈# #≈#
##@#########
#######KhKK≈≈≈...#
###......≈≈K≈≈≈≈≈≈.#
≈≈≈≈≈≈≈≈≈≈≈≈≈≈≈≈≈≈.#
≈≈≈≈≈≈≈≈≈≈≈≈≈≈≈≈≈≈...K
≈≈≈≈≈≈≈≈≈≈K≈≈≈≈≈≈≈.#..
###.......≈≈≈≈≈≈≈..# .
###.###.≈....≈...# #∩
############


You could see 2 kobold brigands, a jackal and 3 kobolds.

Vanquished Creatures
  A phantom (D:4)
  A hound (D:4)
  An orc wizard (D:3)
  2 hound skeletons (D:4)
  4 adders
  4 gnolls (D:3)
  3 river rats
  A worm (D:2)
  2 dart slugs
  4 orcs (D:3)
  7 endoplasms
  2 giant cockroaches (D:4)
  3 hobgoblins
  3 quokkas
  8 ball pythons
  A bat (D:2)
  A frilled lizard (D:1)
  A goblin (D:2)
  7 kobolds
  10 rats
66 creatures vanquished.

Notes
Turn   | Place    | Note
-------+----------+-------------------------------------------
     0 | D:1      | zdrol the Hill Orc Fighter began the quest for the Orb.
     0 | D:1      | Reached XP level 1. HP: 19/19 MP: 1/1
   108 | D:1      | Reached XP level 2. HP: 27/27 MP: 2/2
   351 | D:2      | Reached skill level 3 in Axes
   370 | D:2      | Reached XP level 3. HP: 33/33 MP: 3/3
   782 | D:2      | Reached skill level 4 in Axes
   918 | D:3      | Reached XP level 4. HP: 40/40 MP: 4/4
   987 | D:3      | Reached skill level 5 in Axes
   987 | D:3      | Reached XP level 5. HP: 17/46 MP: 5/5
  1187 | D:4      | Reached skill level 6 in Axes
  1324 | D:4      | Noticed a phantom
  1336 | D:4      | Killed a phantom
  1337 | D:4      | Reached skill level 7 in Axes
  1337 | D:4      | Reached XP level 6. HP: 52/52 MP: 6/6
  1519 | D:4      | Found a glowing drain.
  1590 | Sewer    | Entered a sewer
  1650 | Sewer    | HP: 1/52 [kobold brigand/+0 club (4)]
  1651 | Sewer    | Slain by a kobold brigand

Illustrated notes

Levels and vault maps discovered:
D:1:      dpeg_arrival_boxorama, layout_basic,
          nicolae_ecumenical_snake_handling, glass_columns_a, minmay_cupped
D:2:      layout_basic, grunt_decor_junction
D:3:      layout_loops_ring
D:4:      layout_gridville, portal_sewer_entry_a
Sewer:    sewer_kobolds

Skill      XL: |  1  2  3  4  5 |
---------------+----------------+-----
Axes           | 3 4 5 7 |  7.9
Fighting       | 4 |  4.0
Armour         | |  3.8
Shields        | |  3.7

Action                   |  1- 3 |  4- 6 || total
-------------------------+-------+-------++-------
Melee: War axe           |    77 |   113 ||   190
Throw: Dart              |       |     1 ||     1
  Use: Scroll            |     2 |     1 ||     3
Armor: Scale mail        |    43 |    67 ||   110
Dodge: Dodged            |    42 |    74 ||   116
Block: Buckler           |    14 |    35 ||    49
